 Dungeon Crawl Stone Soup version 0.24.0-37-gcf1ca852f1 (webtiles) character file.

Game seed: 7097869192718348752, levelgen mode: deterministic

77 Mrkan the Poker (level 4, -3/35 HPs)
             Began as a Merfolk Gladiator on Dec 3, 2019.
             Was an Initiate of Nemelex Xobeh.
             Slain by a goblin
             ... wielding a +0 club
             ... led by Robin
              (8 damage)
             ... on level 2 of the Dungeon.
             The game lasted 00:02:16 (1790 turns).

Mrkan the Poker (Merfolk Gladiator)                 Turns: 1790, Time: 00:02:17

Health: -3/35      AC:  2    Str: 14    XL:     4   Next: 33%
Magic:  4/4        EV: 14    Int:  7    God:    Nemelex Xobeh [......]
Gold:   85         SH:  0    Dex: 16    Spells: 3/3 levels left

rFire    . . .     SeeInvis .   a - +0 trident
rCold    . . .     Gourm    .   (no shield)
rNeg     . . .     Faith    .   h - -2 leather armour (curse)
rPois    .         Spirit   .   c - +0 helmet
rElec    .         Reflect  .   (no cloak)
rCorr    .         Harm     .   (no gloves)
MR       .....                  (no boots)
Stlth    +.........             (no amulet)
HPRegen  0.11/turn              (no ring)
MPRegen  0.09/turn              (no ring)

@: no status effects
A: change form in water, swift swim, stealthy swim
a: Draw Escape, Draw Destruction, Draw Summoning, Renounce Religion


You were on level 2 of the Dungeon.
You worshipped Nemelex Xobeh.
Nemelex Xobeh was noncommittal.
You were hungry.

You visited 1 branch of the dungeon, and saw 2 of its levels.

You collected 85 gold pieces.

Inventory:

Hand Weapons
 a - a +0 trident (weapon)
Missiles
 d - 3 throwing nets (quivered)
Armour
 b - a +0 leather armour
 c - a +0 helmet (worn)
 h - a cursed -2 leather armour (worn)
Jewellery
 j - a cursed ring of attention {unknown}
Scrolls
 i - a scroll of identify {unknown}
 k - a scroll of enchant armour {unknown}
 l - a scroll of enchant weapon {unknown}
 m - a scroll of fear {unknown}
 n - a scroll of teleportation {unknown}
Potions
 e - a potion of brilliance {unknown}
 g - a potion of lignification {unknown}
 o - a potion of curing {unknown}
Comestibles
 f - 4 rations


   Skills:
 + Level 3.0 Fighting
 * Level 6.0 Polearms
 - Level 2.0 Throwing
 + Level 4.8 Dodging


You had 3 spell levels left.
You didn't know any spells.
Your spell library was empty.

Dungeon Overview and Level Annotations

Branches:
Dungeon (2/15)

Altars:
Nemelex Xobeh

Annotations:
D:2 Robin


Message History

You kill the hobgoblin!
Robin closely misses you.
Items here: ))))) †††† You closely miss Robin.
Robin hits you but does no damage.
You closely miss Robin. The goblin completely misses you.
Robin throws the goblin at you!
You hit Robin.
Robin is moderately wounded.
The goblin barely misses you. Robin hits you with a +0 spear.
You closely miss Robin.
Robin is moderately wounded.
The goblin closely misses you. The goblin hits you with a +0 club.
* * * LOW HITPOINT WARNING * * *
Robin hits you with a +0 spear.
* * * LOW HITPOINT WARNING * * *
You hit Robin.
Robin is severely wounded.
The goblin closely misses you. The goblin hits you with a +0 club!
You die...
Your body disappears without a glow. ##.# #..# g.# #.. ##... #..# ..#.#... #...###..## g.#.#....## #..(. .... ggg

....... #<..#
#..###gg###....#. #...#
#..#g#....#......
#...###..#@#..###.....>##
#.........ggg.....#
#.÷###
#...#.#..###..###.#
#.....
#...#.#..#....#...#
#..##.
##..###..###..###.##
##.##.
##................##
#..##
##.#####..##......####.##
#.#####.............#...
#....##.########.....#..


You could see Robin and 3 goblins.

Vanquished Creatures
  2 adders (D:2)
  An ooze (D:2)
  A worm (D:2)
  2 dart slugs
  2 leopard geckos
  A giant cockroach (D:1)
  11 goblins
  4 hobgoblins
  6 jackals (D:1)
  4 bats (D:1)
  A frilled lizard (D:1)
  2 kobolds
  6 rats
43 creatures vanquished.

Notes
Turn   | Place    | Note
-------+----------+-------------------------------------------
     0 | D:1      | Mrkan the Merfolk Gladiator began the quest for the Orb.
     0 | D:1      | Reached XP level 1. HP: 16/16 MP: 1/1
   375 | D:1      | Reached XP level 2. HP: 17/23 MP: 2/2
   500 | D:1      | Reached skill level 5 in Polearms
   873 | D:1      | Reached XP level 3. HP: 22/28 MP: 3/3
  1359 | D:2      | Reached XP level 4. HP: 21/35 MP: 4/4
  1708 | D:2      | Found a sparkling altar of Nemelex Xobeh.
  1730 | D:2      | Became a worshipper of Nemelex Xobeh the Trickster
  1758 | D:2      | Reached skill level 6 in Polearms
  1759 | D:2      | Received a gift from Nemelex Xobeh
  1759 | D:2      | Noticed Robin
  1790 | D:2      | Slain by a goblin

Levels and vault maps discovered:
D:1:      scummos_arrival_simple_crosswalls, layout_basic,
          grunt_decor_resistance
D:2:      layout_rooms, chequers_temple_overflow_minitemple,
          lemuel_crystal_altar, minmay_misc_feat_nine_boxes,
          minmay_misc_feat_roman, nemelex_diamond_rough_becter, uniq_robin

Skill      XL: |  1  2  3  4 |
---------------+-------------+-----
Polearms       | 5 6 |  6.0
Fighting       | 3 |  3.0
Throwing       | |  2.0
Dodging        | |  4.8

Action                   |  1- 3 |  4- 6 || total
-------------------------+-------+-------++-------
Melee: Trident           |   107 |    34 ||   141
  Use: Scroll            |     1 |       ||     1
 Stab: Sleeping          |     1 |       ||     1
  Eat: Chunk             |     1 |     1 ||     2
Armor: Leather armour    |    26 |     6 ||    32
Dodge: Dodged            |    88 |    14 ||   102
